 Dungeon Crawl Stone Soup version 0.16-b1 (webtiles) character file.

119 Alarkh the Magician (level 4, -4/30 HPs)
             Began as a Mummy Wizard on Mar 15, 2015.
             Slain by a hound (5 damage)
             ... on level 4 of the Dungeon.
             The game lasted 00:05:15 (3332 turns).

Alarkh the Magician (Mummy Wizard)                  Turns: 3332, Time: 00:05:15

Health: -4/30      AC:  2    Str: 10    XL:     4   Next: 74%
Magic:  0/11       EV: 12    Int: 18    God:
Gold:   146        SH:  0    Dex: 10    Spells: 5 memorised, 0 levels left

rFire  x . .     SeeInvis .     e - +0 dagger
rCold  + . .     Clarity  .     a - +0 robe
rNeg   + + +     SustAb   .     (no shield)
rPois  ∞         Gourm    .     b - +0 hat
rElec  .         Spirit   .     (no cloak)
rCorr  .         Warding  .     (no gloves)
rMut   .         Stasis   .     (no boots)
MR     +....                    h - amulet of regeneration
Stlth  ++........               n - ring of protection from magic
                                (no ring)

@: very slightly contaminated, somewhat resistant to hostile enchantments,
unstealthy
A: no food or potions, fire vulnerability, restore body, cold resistance 1,
negative energy resistance 3, poison resistance, torment resistance, unbreathing
a: no special abilities


You were on level 4 of the Dungeon.
You were not hungry.

You visited 1 branch of the dungeon, and saw 4 of its levels.

You collected 146 gold pieces.

Inventory:

Hand weapons
 e - a +0 dagger (weapon)
Armour
 a - a +0 robe (worn)
 b - a +0 hat (worn)
Jewellery
 h - an amulet of regeneration (around neck)
 i - an uncursed amulet of warding
 l - an uncursed ring of teleportation
 n - a ring of protection from magic (right hand)
Magical devices
 m - a wand of paralysis (24)
Scrolls
 d - a scroll of fog
 f - a scroll of magic mapping
 g - a scroll of recharging
 j - a scroll of random uselessness {unknown}
 k - a scroll of remove curse
Books
 c - a book of Minor Magic

   Spells                             Type                      Level
   a - Magic Dart                     Conjuration                  1
   b - Blink                          Translocation                2
   c - Call Imp                       Summoning                    2
   d - Repel Missiles                 Charms/Air                   2
   e - Slow                           Hexes                        2
   f - Conjure Flame                  Conjuration/Fire             3
   g - Mephitic Cloud                 Conjuration/Poison/Air       3


   Skills:
 - Level 1.5 Dodging
 - Level 1.5 Stealth
 + Level 4.3 Spellcasting
 + Level 2.6 Conjurations
   Level 0.7 Summonings
 - Level 0.7 Translocations


You couldn't memorise any spells.
You knew the following spells:

 Your Spells              Type           Power        Failure   Level  Hunger
a - Magic Dart            Conj           ##..         6%          1    N/A
b - Blink                 Tloc           N/A          17%         2    N/A
c - Mephitic Cloud        Conj/Pois/Air  #.......     34%         3    N/A
d - Repel Missiles        Chrm/Air       #.....       21%         2    N/A
e - Conjure Flame         Conj/Fire      #.......     30%         3    N/A

Dungeon Overview and Level Annotations

Branches:
Dungeon (4/15)
 Temple: D:4-7

Altars:
Dithmenos
The Shining One

Annotations:
D:4 Grinder


Innate Abilities, Weirdness & Mutations

You do not eat or drink.
Your flesh is vulnerable to fire.
Your flesh is cold resistant.
You are immune to negative energy.
Your system is resistant to poisons.
You are immune to unholy pain and torment.
You can survive without breathing.


Message History

Okay, then.
A giant newt comes into view.
The hound barely misses you.
Found a scroll of recharging.
The giant gecko hisses menacingly.
The giant newt bites you but does no damage.
The hound closely misses you. The giant newt misses you.
The hound closely misses you.
Casting: Mephitic Cloud
Confirm with . or Enter, or press ? or * to list all spells.
Aiming: Magic Dart
Press: ? - help, Shift-Dir - straight line, f/p - hound
Aim: a hound (bewildered and confused)
The magic dart hits the hound.
The hound is lightly wounded.
The hound bites you.
* * * LOW HITPOINT WARNING * * *
The hound bites you.
You die...

#,,*****#.######.##.##...#****,,
*,,,,,,...# #....(.........<,,,,
**,***##### #.......##l..#****,,
*,* ##.##.#..#*,..# *,, *,*
***#...#.#..#*...##***,, *,*
*,.....#.#..##......,,,, *,*
**#,*.........>.h..#****,* *,*
*,,...###..........# *,* *,*
*,*,#.###@##..###..#****,*
*,****,*,*#?lh###..# *,...,,,,*
*,,,,,,>,,##.h.hla.# *,*##*****
******,,#.........##**,*
**,...######### *,,*
*,...,,,,,,,* *,**
***,.,,,****,* *,*
*,,,,,,,,,,*,* *,*
*,*,,,,,**,*,* *,*


You could see 3 hounds and a giant newt.

Vanquished Creatures
  5 adders
  4 worms
  A giant gecko (D:3)
  8 bats
  7 hobgoblins
  8 kobolds
  2 quokkas
  5 giant newts
  5 goblins
  8 rats
53 creatures vanquished.

Notes
Turn   | Place    | Note
--------------------------------------------------------------
     0 | D:1      | Alarkh, the Mummy Wizard, began the quest for the Orb.
     0 | D:1      | Reached XP level 1. HP: 13/13 MP: 4/4
   185 | D:1      | Reached skill level 1 in Conjurations
   610 | D:1      | Reached XP level 2. HP: 8/19 MP: 0/6
   622 | D:1      | Learned a level 2 spell: Blink
  1110 | D:2      | Reached XP level 3. HP: 11/24 MP: 0/8
  1400 | D:2      | Learned a level 3 spell: Mephitic Cloud
  1403 | D:2      | Learned a level 2 spell: Repel Missiles
  1978 | D:2      | Reached skill level 4 in Spellcasting
  1990 | D:2      | Reached XP level 4. HP: 30/30 MP: 4/11
  1995 | D:2      | Learned a level 3 spell: Conjure Flame
  2105 | D:2      | You fall through a shaft!
  3173 | D:3      | Found a glowing golden altar of the Shining One.
  3174 | D:3      | Found a shadowy altar of Dithmenos.
  3215 | D:4      | Noticed Grinder
  3325 | D:4      | HP: 1/30 [hound (5)]
  3332 | D:4      | HP: 1/30 [hound (3)]
  3332 | D:4      | Slain by a hound

Action                   |  1- 3 |  4- 6 || total
-------------------------+-------+-------++-------
Melee: Dagger            |    36 |    24 ||    60
       Unarmed           |     1 |       ||     1
 Cast: Magic Dart        |    94 |    88 ||   182
       Mephitic Cloud    |       |     1 ||     1
  Use: Scroll            |     4 |     4 ||     8
